 Dungeon Crawl Stone Soup version 0.30-b1-2-g02819fbbbe (webtiles) character file.

Game seed: 13416498075679894713

4370 raph the Spear-Bearer (level 10, 0/77 HPs)
             Began as a Merfolk Gladiator on Dec 13, 2023.
             Was a Follower of Ru.
             Slain by an orc warrior
             ... wielding a +1 war axe of venom
              (6 damage)
             ... on level 7 of the Dungeon.
             The game lasted 00:11:33 (7213 turns).

raph the Spear-Bearer (Merfolk Gladiator)           Turns: 7213, Time: 00:11:33

Health: 0/77       AC:  5    Str: 14    XL:     10   Next: 34%
Magic:  0/18       EV: 14    Int:  7    God:    Ru [*.....]
Gold:   307        SH:  0    Dex: 21    Spells: 18/19 levels left

rFire   . . .        j - +5 halberd
rCold   . . .        (shield currently unavailable)
rNeg    . . .        b - +0 leather armour
rPois   +            c - +0 helmet
rElec   .            (no cloak)
rCorr   .            f - +0 pair of gloves
SInv    .            (no boots)
Will    .....        t - amulet of guardian spirit
Stlth   +            i - ring of poison resistance
HPRegen 0.32/turn    (no ring)
MPRegen 0.16/turn

%: guardian spirit
@: confused, ambrosia-drunk
A: inability to train armour, (nimble swimmer 2), mertail
a: Renounce Religion


You were on level 7 of the Dungeon.
You worshipped Ru.
Ru was aware of your devotion.
You visited 1 branch of the dungeon, and saw 7 of its levels.

You collected 307 gold pieces.

Inventory:

Hand Weapons
 a - a +1 trident
 e - a +2 trident
 j - a +5 halberd (weapon)
 o - a +2 halberd of freezing
 x - a +5 trident
Missiles
 w - 14 poisoned darts (quivered)
 y - a curare-tipped dart
 B - a javelin
Armour
 b - a +0 leather armour (worn)
 c - a +0 helmet (worn)
 f - a +0 pair of gloves (worn)
 r - a +0 buckler
Jewellery
 i - a ring of poison resistance (left hand)
 t - an amulet of guardian spirit (around neck)
 C - a ring of resist corrosion
Wands
 q - a wand of polymorph (13)
 v - a wand of mindburst (9)
 E - a wand of flame (21)
Scrolls
 d - 3 scrolls of noise {unknown}
 h - 5 scrolls of identify
 m - 3 scrolls of teleportation
 n - a scroll of blinking
 s - 2 scrolls of immolation
 z - a scroll of torment {unknown}
 A - a scroll of enchant armour {unknown}
Potions
 k - 3 potions of ambrosia
 l - a potion of invisibility
 u - 2 potions of cancellation
 D - a potion of degeneration {unknown}


   Skills:
 + Level 6.9 Fighting
 - Level 14.0 Polearms
 - Level 2.0 Throwing
 - Level 4.0 Dodging
 + Level 5.3 Spellcasting
 + Level 5.9 Summonings


You had 18 spell levels left.
You knew the following spells:

 Your Spells              Type           Power      Damage    Failure   Level
a - Summon Small Mammal   Summ           40%        N/A       3%          1

Your spell library contained the following spells:

 Spells                   Type           Power      Damage    Failure   Level
 Apportation              Tloc           2%         N/A       34%         1
 Necrotise                Necr           4%         1d4       34%         1
 Sublimation of Blood     Necr           1%         N/A       45%         2
 Wereblood                Tmut           1%         N/A       45%         2
 Gell's Gravitas          Tloc           1%         N/A       71%         3
 Teleport Other           Tloc           1%         N/A       71%         3
 Manifold Assault         Tloc           1%         N/A       98%         4
 Dispersal                Tloc           0%         N/A       100%        6
 Simulacrum               Ice/Necr       0%         N/A       100%        6
 Ozocubu's Refrigeration  Ice            0%         4d7       100%        7
 Summon Hydra             Summ           5%         N/A       100%        7
 Disjunction              Tloc           0%         N/A       100%        8
 Polar Vortex             Ice            0%         N/A       100%        9


Dungeon Overview and Level Annotations

Branches:
Dungeon (7/15)             Temple (0/1) D:4

Altars:
Cheibriados
Fedhas
Hepliaklqana
Nemelex Xobeh
Ru
Trog
Wu Jian

Annotations:
D:4 3 runed translucent doors, Vic's ghost, amateur MiFi
D:6 3 runed translucent doors, Xelenos's ghost, novice FoFi


Innate Abilities, Weirdness & Mutations

You cannot train Armour skill.
((You are very nimble when in or above water. (Stealth+, EV+, Speed+++)))
Your lower body shifts to a powerful aquatic tail in water.


Message History

* * * LOW HITPOINT WARNING * * *
The orc warrior attacks as you move away!
The orc warrior hits you with a +1 war axe of venom!
* * * LOW HITPOINT WARNING * * *
The centaur unwields a +0 shortbow.
The centaur completely misses you. The centaur misses you.
The centaur closely misses you.
The centaur kicks you but does no damage.
You hit the centaur.
The centaur is almost dead.
You redirect the centaur's attack!
The centaur closely misses itself. x2
You closely miss the centaur.
The centaur is almost dead.
The centaur barely misses you. The centaur misses you.
The orc warrior misses you. The centaur hits you.
* * * LOW HITPOINT WARNING * * *
The centaur kicks you but does no damage.
The centaur completely misses you.
The centaur kicks you but does no damage.
You hear the faint creaking of a portcullis very nearby.
Okay, then.
As you read the scroll of fear, it crumbles to dust.
You assume a fearsome visage.
The centaur looks frightened!
The orc warrior resists with some effort.
The orc looks frightened! x2; The orc warrior barely misses you.
You barely miss the orc warrior. The orc warrior barely misses you.
You hit the orc warrior but do no damage.
The orc warrior hits you with a +1 war axe of venom!
* * * LOW HITPOINT WARNING * * *
You are lethally poisoned!
You feel better. The orc warrior barely misses you.
The centaur wields a +0 shortbow.
The centaur shoots an arrow.
The arrow hits you!
* * * LOW HITPOINT WARNING * * *
You are confused.
You feel invigorated.
The centaur shoots an arrow.
The arrow hits you.
* * * LOW HITPOINT WARNING * * *
The orc warrior hits you with a +1 war axe of venom!
You die...

.((#.## ###..
### .... ..
####.. .. #.
..# .
###.##.## .#
#.......##.#
#..##o##....#
#.##@..##.###
#.#.#...#.#
...#:#...#
#.#...#.#.#
##.
...##.c.##.#
..
#....##.##.c#
..
#..#.....o..##
##..
#.##.#.###..#
#..#
..#..##.######
#.##


You could see an orc warrior, a centaur and an orc.

Vanquished Creatures
  A cyclops (D:6)
  Grinder (D:6)
  Edmund (D:6)
  A warg (D:6)
  2 black bears
  5 ogres (D:6)
  4 orc warriors
  2 ice beasts
  2 centaurs
  A phantom (D:6)
  3 kobold brigands (D:6)
  A bullfrog (D:6)
  A scorpion (D:6)
  A gnoll sergeant (D:6)
  5 wights (D:6)
  8 howler monkeys (D:6)
  2 jellies (D:6)
  2 gnoll boudas (D:6)
  8 orc priests
  10 hounds
  4 sleepcaps
  4 iguanas
  Ijyb (D:3)
  3 orc wizards (D:6)
  10 gnolls (D:6)
  12 adders
  A worm (D:5)
  A dart slug (D:4)
  22 orcs
  8 ball pythons
  7 endoplasms
  3 giant cockroaches
  7 goblins
  2 hobgoblins
  5 kobolds
  5 quokkas
  3 bats
  6 frilled lizards
  6 rats
171 creatures vanquished.

Vanquished Creatures (others)
  A plant (D:6)
1 creature vanquished.

Grand Total: 172 creatures vanquished

Notes
Turn   | Place    | Note
-------+----------+-------------------------------------------
     0 | D:1      | raph the Merfolk Gladiator began the quest for the Orb.
     0 | D:1      | Reached XP level 1. HP: 16/16 MP: 1/1
   219 | D:1      | Reached XP level 2. HP: 22/22 MP: 2/2
   284 | D:1      | Reached skill level 5 in Polearms
   952 | D:1      | Reached XP level 3. HP: 15/27 MP: 3/3
  1102 | D:2      | Reached skill level 6 in Polearms
  1229 | D:2      | Reached XP level 4. HP: 33/33 MP: 4/4
  1276 | D:2      | Found a sacrificial altar of Ru.
  1503 | D:3      | Reached skill level 7 in Polearms
  1929 | D:3      | Reached XP level 5. HP: 23/38 MP: 5/5
  2021 | D:3      | Noticed Ijyb
  2083 | D:3      | Killed Ijyb
  2321 | D:3      | Found a bloodstained altar of Trog.
  2455 | D:3      | Found a sacrificial altar of Ru.
  2461 | D:3      | Became a worshipper of Ru the Awakened
  2475 | D:3      | Reached skill level 8 in Polearms
  2526 | D:3      | Found a hazy altar of Hepliaklqana.
  2537 | D:3      | Found a blossoming altar of Fedhas.
  2797 | D:4      | Found a runed translucent gate.
  2798 | D:4      | Found a runed translucent gate.
  2799 | D:4      | Found a runed translucent gate.
  2802 | D:4      | Noticed Vic's ghost (amateur MiFi)
  2899 | D:4      | Reached XP level 6. HP: 22/44 MP: 6/6
  3055 | D:4      | Reached skill level 9 in Polearms
  3555 | D:4      | Found a staircase to the Ecumenical Temple.
  3910 | D:5      | Entered Level 5 of the Dungeon
  3952 | D:5      | Identified the +3 spear "Izaffai" {freeze, *Slow Int+3
                  | Dex+5 SInv}
  4052 | D:5      | Learned a level 1 spell: Summon Small Mammal
  4112 | D:5      | Gained mutation: You cannot train Armour skill. [Ru
                  | sacrifice]
  4112 | D:5      | Reached * piety under Ru
  4221 | D:5      | Reached skill level 10 in Polearms
  4221 | D:5      | Reached XP level 7. HP: 15/51 MP: 2/8
  4359 | D:5      | Found an ornate altar of the Wu Jian Council.
  4412 | D:5      | Reached skill level 1 in Summonings
  4559 | D:5      | Reached skill level 1 in Spellcasting
  5180 | D:5      | Found a snail-covered altar of Cheibriados.
  5259 | D:6      | Reached XP level 8. HP: 34/58 MP: 6/10
  5304 | D:6      | Reached skill level 11 in Polearms
  5822 | D:6      | Reached skill level 12 in Polearms
  5827 | D:6      | Reached XP level 9. HP: 66/66 MP: 13/13
  5934 | D:6      | Found a sparkling altar of Nemelex Xobeh.
  5968 | D:6      | Found a runed translucent gate.
  5968 | D:6      | Found a runed translucent gate.
  5968 | D:6      | Found a runed translucent gate.
  5968 | D:6      | Noticed Xelenos's ghost (novice FoFi)
  5968 | D:6      | Noticed a two-headed ogre
  5970 | D:6      | Noticed Grinder
  5978 | D:6      | Paralysed by Grinder for 3 turns
  6002 | D:6      | Reached skill level 5 in Fighting
  6014 | D:6      | Killed Grinder
  6283 | D:6      | Reached skill level 13 in Polearms
  6464 | D:6      | Noticed a cyclops
  6476 | D:6      | Killed a cyclops
  6477 | D:6      | Reached skill level 5 in Summonings
  6477 | D:6      | Reached XP level 10. HP: 51/76 MP: 14/17
  6574 | D:6      | Reached skill level 14 in Polearms
  6649 | D:6      | Reached skill level 5 in Spellcasting
  7082 | D:6      | Noticed Edmund
  7087 | D:6      | Killed Edmund
  7205 | D:7      | Noticed a +0 dagger
  7205 | D:7      | Noticed a +0 dagger
  7209 | D:7      | HP: 3/77 [orc warrior/+1 war axe of venom (11)]
  7213 | D:7      | Slain by an orc warrior

Illustrated notes

Levels and vault maps discovered:
D:1:      dpeg_arrival_shrine, layout_loops_cross, serial_forest,
          infiniplex_forest_zigzag_1, infiniplex_forest_straight_3,
          infiniplex_forest_end_2, infiniplex_forest_lined_4_way,
          infiniplex_forest_lined_2, infiniplex_forest_end_2,
          minmay_misc_feat_iff
D:2:      layout_rooms, basic_altar
D:3:      layout_loops_ring, mainiacjoe_overflow_six_doors_small,
          lemuel_crystal_altar, jmf_multi_god_temple, uniq_ijyb
D:4:      layout_loops_ring, minmay_temple_entry_fiery,
          ebering_ghost_rock_garden, dk_noncrumbling_2
D:5:      layout_loops_cross, nicolae_wu_jian_wuxing_cycle,
          cheibrodos_worm_habitat
D:6:      lemuel_castle_with_subvaults [lemuel_castle_interior_carwin_2],
          layout_loops_ring, nemelex_diamond_rough_becter,
          gammafunk_ghost_split, uniq_grinder, uniq_edmund
D:7:      layout_rooms, dancing_weapons_uskayaw, enter_bailey_7,
          minmay_manual_mares, uniq_prince_ribbit1, uniq_joseph

Skill      XL: |  1  2  3  4  5  6  7  8  9 10 |
---------------+-------------------------------+-----
Polearms       | 5 6 7 8 10 12 13 14 | 14.0
Summonings     | 2 3 5 |  5.9
Spellcasting   | 1 3 4 5 |  5.3
Fighting       | 3 4 6 |  6.9
Throwing       | |  2.0
Dodging        | |  4.0

Action                     |  1- 3 |  4- 6 |  7- 9 | 10-12 || total
---------------------------+-------+-------+-------+-------++-------
  Melee: Trident           |   115 |   291 |   153 |       ||   559
         Punch             |       |     1 |       |       ||     1
         Tailslap          |       |       |    13 |       ||    13
         Halberd           |       |       |   161 |    82 ||   243
  Throw: Throwing net      |       |     5 |     1 |       ||     6
         Javelin           |       |     1 |     3 |       ||     4
         Dart              |       |       |     7 |       ||     7
 Invoke: Sacrifice Durabil |       |     1 |       |       ||     1
  Evoke: Wand              |       |       |     1 |       ||     1
    Use: Scroll            |     7 |     8 |       |     1 ||    16
         Potion            |       |       |     3 |     2 ||     5
   Stab: Sleeping          |     1 |     6 |     2 |       ||     9
         Held in net/web   |       |     2 |     2 |       ||     4
         Distracted        |       |     1 |     1 |     1 ||     3
 Armour: Leather armour    |    29 |    69 |    46 |    17 ||   161
  Dodge: Dodged            |    70 |   149 |   129 |    52 ||   400
  Block: Buckler           |       |     6 |    13 |       ||    19
